 Dungeon Crawl Stone Soup version 0.31-a0-222-gefeffbb62a (webtiles) character file.

Game seed: 12818823356413469087

1713 Maxmaps the Spear-Bearer (level 8, -2/56 HPs)
             Began as a Demonspawn Gladiator on July 6, 2023.
             Was an Initiate of Gozag.
             Killed from afar by an orc wizard (6 damage)
             ... with a puff of flame
             ... on level 6 of the Dungeon.
             The game lasted 00:05:16 (5857 turns).

Maxmaps the Spear-Bearer (Demonspawn Gladiator)     Turns: 5857, Time: 00:05:17

Health: -2/56      AC:  6    Str: 16    XL:     8   Next: 74%
Magic:  0/8        EV:  7    Int: 13    God:    Gozag
Gold:   415        SH: 11    Dex: 14    Spells: 7/7 levels left

rFire   . . .        a - +0 trident
rCold   + . .        t - +1 tower shield
rNeg    . . .        n - +0 ring mail
rPois   .            (helmet restricted)
rElec   +            (no cloak)
rCorr   .            x - +0 pair of gloves
SInv    +            (no boots)
Will    +....        u - amulet of Fun {Spirit rElec rC+ Will+ Str-4}
Stlth   +            l - +6 ring of strength
HPRegen 0.29/turn    f - ring of see invisible
MPRegen 0.11/turn

%: guardian spirit
@: mighty, gold aura
A: antennae 1, ignite blood 1, powered by pain 2
a: Renounce Religion, Potion Petition, Call Merchant, Bribe Branch


You were on level 6 of the Dungeon.
You worshipped Gozag.
Gozag was aware of your devotion.
You visited 2 branches of the dungeon, and saw 7 of its levels.

You collected 482 gold pieces.
You paid 67 gold pieces to Gozag.

Inventory:

Hand Weapons
 a - a +0 trident (weapon)
Missiles
 d - 3 throwing nets (quivered)
 e - 7 javelins
Armour
 n - a +0 ring mail (worn)
 t - a +1 tower shield (worn)
 x - a +0 pair of gloves (worn)
Jewellery
 c - an amulet of the acrobat
 f - a ring of see invisible (right hand)
 h - an amulet of guardian spirit
 l - a +6 ring of strength (left hand)
 u - the amulet of Fun (around neck) {Spirit rElec rC+ Will+ Str-4}
   (You took it off a hobgoblin on level 2 of the Dungeon)

   [amulet of guardian spirit]

   It causes incoming damage to be divided between your reserves of health and
   magic.
   Str:       It affects your strength (-4).
   rC:        It protects you from cold.
   rElec:     It insulates you from electricity.
   Will:      It increases your willpower.
Wands
 j - a wand of roots (16)
 p - a wand of digging (6)
Scrolls
 g - a scroll of enchant armour
 i - a scroll of amnesia
 m - a scroll of blinking
 r - a scroll of enchant weapon {unknown}
Potions
 b - 4 potions of attraction
 k - 2 potions of mutation {unknown}
 o - a potion of resistance {unknown}
 s - 2 potions of might
 v - a potion of enlightenment
 w - 2 potions of degeneration {unknown}
 z - 2 potions of brilliance


   Skills:
 - Level 2.0 Fighting
 + Level 10.7 Polearms
 - Level 1.7 Throwing
 - Level 2.6 Dodging


You had 7 spell levels left.
You didn't know any spells.
Your spell library contained the following spells:

 Spells                   Type           Power      Damage    Failure   Level
 Necrotise                Necr           0%         1d4       100%        1
 Lesser Beckoning         Tloc           0%         N/A       100%        2
 Sublimation of Blood     Necr           0%         N/A       100%        2
 Wereblood                Tmut           0%         N/A       100%        2
 Gell's Gravitas          Tloc           0%         N/A       100%        3
 Ignite Poison            Fire/Tmut/Pois 0%         N/A       100%        3
 Teleport Other           Tloc           0%         N/A       100%        3
 Vampiric Draining        Necr           0%         2d6       100%        3
 Leda's Liquefaction      Hex/Erth       0%         N/A       100%        4
 Sticky Flame             Conj/Fire      0%         2d3       100%        4
 Agony                    Necr           0%         N/A       100%        5
 Lee's Rapid Deconstruct  Erth           0%         3d4*      100%        5
 Leda's Unmaking          Conj/Erth      0%         9d1       100%        6
 Statue Form              Tmut/Erth      0%         N/A       100%        6
 Summon Hydra             Summ           0%         N/A       100%        7
 Ignition                 Fire           0%         3d3       100%        8


Dungeon Overview and Level Annotations

Branches:
Dungeon (6/15)             Temple (1/1) D:5

Altars:
Cheibriados
Fedhas
Gozag
Kikubaaqudgha
Makhleb
Nemelex Xobeh
Qazlal
Trog
Uskayaw
Vehumet
Wu Jian
Xom
Yredelemnul
Ignis

Shops:
D:4 :

Portals:
Abyss: D:3

Annotations:
D:3 2 transporters, Leavold's ghost, weakling DEHs
D:4 3 runed translucent doors, pajopajo's ghost, amateur OpBr
D:6 2 runed translucent doors


Innate Abilities, Weirdness & Mutations

You have a pair of small antennae on your head.
Your demonic aura sometimes causes spilled blood to erupt in flames.
You sometimes gain power by taking damage.


Message History

The orc warrior is heavily wounded.
The orc warrior hits you but does no damage.
The orc warrior hits you with a +0 short sword.
You puncture the orc warrior!
The orc warrior is severely wounded.
You block the orc warrior's attack.
You hit the orc warrior.
The orc warrior is severely wounded.
You block the orc warrior's attack.
You closely miss the orc warrior.
The orc warrior is severely wounded.
You block the orc warrior's attack.
You barely miss the orc warrior.
The orc warrior is severely wounded.
You block the orc warrior's attack.
The orc warrior hits you with a +0 short sword!
* * * LOW HITPOINT WARNING * * *
You hit the orc warrior.
The orc warrior is almost dead.
The orc warrior closely misses you.
You hit the orc warrior.
The orc warrior is almost dead.
The orc warrior hits you with a +0 short sword!
* * * LOW HITPOINT WARNING * * *
You feel better. You block the orc warrior's attack.
You closely miss the orc warrior.
The orc warrior is almost dead.
You block the orc warrior's attack.
You completely miss the orc warrior.
The orc warrior is almost dead.
The orc warrior hits you with a +0 short sword!
* * * LOW HITPOINT WARNING * * *
You focus on the pain.
You feel very mighty all of a sudden.
You puncture the orc warrior!
You kill the orc warrior!
The orc wizard points at you and mumbles some strange words.
The puff of flame hits you!
You die...
Your body crumbles into a pile of gold.

## .# ..... .# #... .#
#?.. .# #.. .##### #.#.8
.....# #.#.# #####
####.# #.#)# .+.. #.#
#.#@#..+ #.# #.#$#.##
####.# #.#o8'8#
.....#########.#....#
####................#
####..#.######..........
#..........# #.####.####
#.##......[# #.# .#
......#.#..###.## .#


You could see an orc wizard.

Vanquished Creatures
  Duvessa (D:6)
  A water moccasin (D:6)
  An orc warrior (D:6)
  2 ice beasts
  2 black bears (D:6)
  An ogre (D:6)
  2 phantoms
  2 bullfrogs
  A scorpion (D:5)
  A wight (D:6)
  Dowan (D:6)
  A howler monkey (D:5)
  4 hounds
  An orc priest (D:6)
  A gnoll bouda (D:6)
  Terence (D:3)
  A sleepcap (D:5)
  6 iguanas
  11 adders
  A white imp (D:6)
  An ufetubus (D:5)
  2 worms (D:3)
  3 dart slugs
  5 orcs
  4 ball pythons
  7 bats
  2 endoplasms
  3 giant cockroaches
  6 goblins
  5 hobgoblins
  7 jackals
  A quokka (D:1)
  A frilled lizard (D:3)
  4 kobolds
  6 rats (D:1)
99 creatures vanquished.

Notes
Turn   | Place    | Note
-------+----------+-------------------------------------------
     0 | D:1      | Maxmaps the Demonspawn Gladiator began the quest for the
                  | Orb.
     0 | D:1      | Reached XP level 1. HP: 16/16 MP: 1/1
    65 | D:1      | Reached skill level 3 in Polearms
   102 | D:1      | Gained mutation: You sometimes gain a little power by
                  | taking damage. [demonic ancestry]
   102 | D:1      | Reached XP level 2. HP: 12/22 MP: 2/2
  1041 | D:2      | Reached skill level 4 in Polearms
  1041 | D:2      | Reached XP level 3. HP: 27/27 MP: 3/3
  1086 | D:2      | Found a faded altar of an unknown god.
  1314 | D:2      | Identified the amulet of Fun {Spirit rElec rC+ Will+ Str-4}
  1484 | D:2      | Gained mutation: You sometimes gain power by taking damage.
                  | [demonic ancestry]
  1484 | D:2      | Reached XP level 4. HP: 18/33 MP: 2/4
  1814 | D:3      | Noticed Terence
  1831 | D:3      | Killed Terence
  2049 | D:3      | Found a transporter.
  2074 | D:3      | Found a one-way gate to the infinite horrors of the Abyss.
  2074 | D:3      | Noticed Leavold's ghost (weakling DEHs)
  2079 | D:3      | Reached skill level 5 in Polearms
  2084 | D:3      | Noticed a kobold brigand
  2084 | D:3      | Noticed a small abomination
  2221 | D:3      | Found a transporter.
  2241 | D:3      | Noticed a small abomination
  2476 | D:3      | Gained mutation: Your demonic aura sometimes causes spilled
                  | blood to erupt in flames. [demonic ancestry]
  2476 | D:3      | Reached XP level 5. HP: 38/38 MP: 5/5
  2526 | D:4      | Found Uhaluteu's Book Emporium.
  2690 | D:4      | Found a runed translucent gate.
  2690 | D:4      | Found a runed translucent gate.
  2690 | D:4      | Noticed pajopajo's ghost (amateur OpBr)
  2691 | D:4      | Found a runed translucent gate.
  2843 | D:4      | Reached skill level 6 in Polearms
  3070 | D:4      | Found a burning altar of Makhleb.
  3331 | D:5      | Entered Level 5 of the Dungeon
  3363 | D:5      | Reached XP level 6. HP: 34/44 MP: 4/6
  3461 | D:5      | Found a staircase to the Ecumenical Temple.
  3532 | D:5      | Found an ancient bone altar of Kikubaaqudgha.
  3705 | D:5      | Reached skill level 7 in Polearms
  3846 | D:5      | Gained mutation: You have a pair of small antennae on your
                  | head. [demonic ancestry]
  3846 | D:5      | Reached XP level 7. HP: 27/50 MP: 2/7
  4422 | Temple   | Entered the Ecumenical Temple
  4513 | Temple   | Became a worshipper of Gozag Ym Sagoz the Greedy
  4675 | D:6      | Reached skill level 8 in Polearms
  4961 | D:6      | Reached skill level 9 in Polearms
  4961 | D:6      | Reached XP level 8. HP: 41/56 MP: 5/8
  5292 | D:6      | Noticed Duvessa
  5307 | D:6      | Killed Duvessa
  5312 | D:6      | Noticed Dowan
  5347 | D:6      | Killed Dowan
  5348 | D:6      | Reached skill level 10 in Polearms
  5821 | D:6      | Found a large runed translucent door.
  5821 | D:6      | Found a large runed translucent door.
  5857 | D:6      | Killed from afar by an orc wizard

Illustrated notes

Levels and vault maps discovered:
D:1:      lightli_arrival_windingriver, layout_basic, corner_web_ring,
          nrook_loot_triangle
D:2:      layout_basic, shapermc_ecumenical_altar_totnotflames
D:3:      layout_loops_ring, nicolae_overflow_hidden_temple,
          gammafunk_ghost_abyssal_escape, uniq_terence
D:4:      layout_loops_ring, general_overflow_altar,
          gammafunk_ghost_nasty_kobolds, serial_shops, nicolae_diamond_shop
D:5:      layout_basic, old_standard_altar, minmay_temple_entry_sparse_star
D:6:      layout_loops_ring, jmf_multi_god_temple2, st_stairs_9,
          hangedman_abyss_or_decor_lesser_grid, minmay_fractal_squares_5,
          uniq_duvessa
Temple:   ebering_untended_altars

Skill      XL: |  1  2  3  4  5  6  7  8 |
---------------+-------------------------+-----
Polearms       | 3 4 5 6 7 9 10 | 10.7
Fighting       | |  2.0
Throwing       | |  1.7
Dodging        | |  2.6

Action                     |  1- 3 |  4- 6 |  7- 9 || total
---------------------------+-------+-------+-------++-------
  Melee: Trident           |   107 |   189 |   214 ||   510
         Punch             |     1 |       |       ||     1
    Use: Scroll            |       |     8 |     2 ||    10
         Potion            |       |     7 |     1 ||     8
   Stab: Sleeping          |     1 |       |       ||     1
 Armour: Leather armour    |    14 |       |       ||    14
         Ring mail         |    23 |    72 |    53 ||   148
         Skin              |       |     5 |       ||     5
  Dodge: Dodged            |    50 |    62 |    43 ||   155
  Block: Tower shield      |    18 |   112 |   113 ||   243

Table legend: (Time is in decaauts)
 A = Elapsed time spent in this place.
 B = Non-inter-level travel time spent in this place.
 C = Inter-level travel time spent in this place.
 D = Time resting spent in this place.
 E = Time spent auto-exploring this place.
 F = Levels seen in this place.
 G = Mean time per level.
                   A        B        C        D        E       F      G
               +--------+--------+--------+--------+--------+-----+--------+
         Total |   6019 |   5781 |    238 |    266 |   4394 |   7 |  859.9 |
       Dungeon |   5915 |   5707 |    208 |    266 |   4338 |   6 |  985.8 |
        Temple |    103 |     74 |     29 |      0 |     56 |   1 |  103.0 |
               +--------+--------+--------+--------+--------+-----+--------+

Top non-repeatable levels by time:
     D:6: 1269 daAuts
     D:5: 1233 daAuts
     D:2: 976 daAuts
     D:3: 870 daAuts
     D:4: 825 daAuts
     D:1: 740 daAuts
  Temple: 103 daAuts
